rsa, neutral male human Tourist ------- |......########----- |.....| #@...| --------- |.....-#######f|.<(|########## |.......| --.---- #-^---# ---.--------- |.......| # ############|...........| |.......| ### # #|...........| #........| # # #|...-----...| ###|.......| ### # #|...|.{.|...| # --------- # # #|...|{.{....| ### # # #|...|.{.|...| -------- # # # #|...-----...| |.......### # # #|...........| #-......| # # #|...........| ###|......| -.---- ### #------------- # -------- |....| # ################## |>....## ------ rsa the Sightseer Experience level: 5 Strength: 9 Dexterity: 10 Constitution: 18 Intelligence: 12 Wisdom: 9 Charisma: 17 Health: 0(49) Energy: 19(19) AC: 8 Gold: 1651 Moves: 2131 Your Inventory: Coins $ - 1651 gold pieces Amulets C - a cursed square amulet [of restful sleep] (being worn) Weapons a - 9 uncursed +2 darts (in quiver) u - 2 [uncursed +0] crude daggers [orcish] Armor l - an uncursed +0 Hawaiian shirt (being worn) s - an [uncursed +0] crude chain mail [orcish] v - an [uncursed] +0 iron skull cap [orcish helm] x - an [uncursed] +0 iron skull cap [orcish helm] (being worn) B - an [uncursed] +0 pair of elven boots (being worn) Comestibles b - 2 uncursed candy bars c - 2 uncursed pancakes d - an uncursed sprig of wolfsbane e - 6 uncursed food rations g - 2 uncursed tripe rations h - an uncursed [stale] egg Scrolls o - an [uncursed] scroll labeled MAPIRO MAHAMA DIROMAT [of scare monster] r - a [blessed] scroll labeled GHOTI [of charging] D - an [uncursed] scroll labeled JUYED AWK YACC [of fire] E - 2 [uncursed] scrolls labeled MAPIRO MAHAMA DIROMAT [of scare monster] H - an [uncursed] scroll labeled VERR YED HORRE [of create monster] I - a [cursed] scroll of light Potions i - 2 uncursed potions of extra healing q - a [cursed] greasy potion [of hallucination] y - an [uncursed] ochre potion [of full healing] Wands G - an [uncursed] bone wand [of cancellation (0:8)] J - an [uncursed] wand of digging [0:6] Tools m - an uncursed expensive camera (0:43) n - an uncursed credit card A - an [uncursed] key [skeleton key] Gems K - an [uncursed] violet gem [worthless glass] Spells known in the end: Name Level Category Fail Memory Your skills at the end: Fighting Skills Weapon Skills dart [Basic / Expert] Spellcasting Skills Final Attributes: You were devoutly aligned. Hunger level was 762. Your alignment was 18 / 20. Monster difficulty range was 1 - 7. Level difficulty was 9. You fell asleep. You were stealthy. Your luck was zero. You are dead. Vanquished creatures: a large mimic a giant ant an orc zombie a werejackal a large kobold a hobgoblin 2 garter snakes a gecko 3 jackals 2 foxes a kobold 3 goblins 5 sewer rats 3 grid bugs 2 lichens a kobold zombie 3 newts 32 creatures vanquished. Voluntary challenges: You were an atheist. You never hit with a wielded weapon. You read items or engraved 6 times. You put on armor 4 times. You never genocided any monsters. You never polymorphed an object. You never changed form. You used no wishes. You never wrote Elbereth's name. You encountered 1 bones level. You never used any Sokoban shortcuts. Dungeon overview: The Dungeons of Doom: levels 1 to 9 Level 1 a fountain a long staircase Level 2 a fountain, a sink Level 3 a general store a long staircase Level 4 a tool shop Level 5 a fountain Level 6 some fountains Level 9 <- You were here many fountains History has recorded: On T:1 you entered the Dungeons of Doom to retrieve the Amulet of Yendor! On T:147 you reached level 2 of The Dungeons of Doom. On T:287 you reached level 3 of The Dungeons of Doom. On T:807 you advanced to experience level 2. On T:1180 you advanced to experience level 3. On T:1258 you reached level 4 of The Dungeons of Doom. On T:1324 you advanced to experience level 4. On T:1351 you advanced to experience level 5. On T:1534 you reached level 5 of The Dungeons of Doom. On T:1685 you reached level 6 of The Dungeons of Doom. On T:1773 you reached level 7 of The Dungeons of Doom. On T:1803 you reached level 8 of The Dungeons of Doom. On T:2114 you reached level 9 of The Dungeons of Doom. Latest messages: [HP+1=33] [2 turns] You hit the imp. The imp zaps a wand of digging! The imp has made a hole in the floor. The imp falls through... [2 turns] The jaguar hits! (2x) The jaguar bites! [HP-4=29] You hit the jaguar. You are hit by a dagger. The jaguar hits! (2x) The jaguar bites! The jaguar hits! (2x) The jaguar bites! [HP-15=14] [2 turns] The jaguar hits! (2x) The jaguar bites! [HP-10=4] The jaguar hits! (2x) You die... Final status: Aloha rsa the Tourist... You died in The Dungeons of Doom on dungeon level 9 with 2058 points, and 1651 pieces of gold, after 2131 moves. You were level 5 with a maximum of 49 hit points when you died.